 Dungeon Crawl Stone Soup version 0.30.1-3-gfc49f6343a (webtiles) character file.

Game seed: 8773059770881460598

219 javelincjr the Trooper (level 5, -5/43 HPs)
             Began as a Demonspawn Fighter on July 19, 2023.
             Slain by a steam dragon (9 damage)
             ... on level 4 of the Dungeon.
             The game lasted 00:08:13 (2877 turns).

javelincjr the Trooper (Demonspawn Fighter)         Turns: 2877, Time: 00:08:14

Health: -5/43      AC:  8    Str: 18    XL:     5   Next: 63%
Magic:  5/5        EV:  9    Int:  9    God:
Gold:   177        SH:  5    Dex: 13    Spells: 4/4 levels left

rFire   . . .        o - +2 dagger (venom)
rCold   . . .        c - +0 buckler
rNeg    . . .        b - +0 scale mail
rPois   .            (helmet restricted)
rElec   .            i - scarf {+Inv}
rCorr   .            (no gloves)
SInv    .            B - +0 pair of boots
Will    .....        (no amulet) Stlth
                     (no ring)
HPRegen 0.27/turn    (no ring)
MPRegen 0.09/turn

%: no passive effects
@: no status effects
A: antennae 1, foul stench 1, demonic touch 1
a: Evoke Invisibility


You were on level 4 of the Dungeon.
You visited 1 branch of the dungeon, and saw 4 of its levels.

You collected 177 gold pieces.

Inventory:

Hand Weapons
 a - a +0 trident
 o - a +2 dagger of venom (weapon)
 E - a +0 short sword of electrocution
Missiles
 e - a throwing net (quivered)
 g - 20 poisoned darts
 q - 5 atropa-tipped darts
Armour
 b - a +0 scale mail (worn)
 c - a +0 buckler (worn)
 h - a +0 cloak
 i - a scarf of invisibility (worn)
 B - a +0 pair of boots (worn)
Jewellery
 D - a ring of protection from fire
Wands
 s - a wand of light (5)
Scrolls
 f - 3 scrolls of identify {unknown}
 j - 4 scrolls of teleportation {unknown}
 m - 2 scrolls of noise {unknown}
 r - 2 scrolls of amnesia {unknown}
 t - a scroll of enchant armour {unknown}
 u - 2 scrolls of fear {unknown}
 x - a scroll of summoning {unknown}
 y - 2 scrolls of poison {unknown}
 A - 2 scrolls of enchant weapon {unknown}
 F - a scroll of silence {unknown}
Potions
 d - a potion of might
 k - a potion of invisibility {unknown}
 l - 3 potions of curing {unknown}
 n - a potion of flight {unknown}
 p - a potion of brilliance {unknown}
 v - a potion of cancellation {unknown}
 w - a potion of haste {unknown}
 z - 2 potions of ambrosia {unknown}
 C - a potion of mutation {unknown}


   Skills:
 * Level 4.4 Fighting
 + Level 2.5 Polearms
 + Level 3.3 Armour
 + Level 1.3 Dodging
 + Level 3.3 Shields
 + Level 1.5 Evocations


You had 4 spell levels left.
You didn't know any spells.
Your spell library contained the following spells:

 Spells                   Type           Power      Damage    Failure   Level
 Kiss of Death            Conj/Necr      0%         2d5       85%         1
 Scorch                   Fire           0%         2d5       94%         2
 Confusing Touch          Hex            0%         N/A       99%         3
 Vhi's Electric Charge    Tloc/Air       0%         N/A       99%         3
 Dispel Undead            Necr           0%         3d6       100%        4
 Flame Wave               Conj/Fire      0%         2d4       100%        4
 Arcjolt                  Conj/Air       0%         1d10      100%        5
 Summon Cactus Giant      Summ           0%         N/A       100%        6
 Maxwell's Capacitive Co  Air            0%         ∞         100%        8


Dungeon Overview and Level Annotations

Branches:
Dungeon (4/15)
 Temple: D:4-7

Altars:
Sif Muna


Innate Abilities, Weirdness & Mutations

You have a pair of small antennae on your head.
You may rarely emit foul miasma when damaged in melee.
Your touch may inflict minor irresistible damage on your foes.


Message History

You see here a +0 club.
A steam dragon comes into view.
Found a stone staircase leading down and a stone staircase leading up.
The steam dragon hisses angrily.
The steam dragon breathes steam at you. The ball of steam hits you.
You hear a shout!
You see here a +0 club.
The steam dragon breathes steam at you. The ball of steam hits you.
You hear a shout! x3
A steam dragon is nearby!
Found a sling.
Found a scroll labelled QAETSA IHAREWEPH.
A gnoll comes into view. It is wielding a +0 flail.
The steam dragon bites you. The steam dragon closely misses you.
You barely miss the steam dragon. The steam dragon breathes steam at you.
The ball of steam hits you!
You hear a shout!
You hear an angry growl.
You hear a shout!
The steam dragon breathes steam at you. The ball of steam hits you!
You hear a shout!
The steam dragon bites you. You block the steam dragon's attack.
You hit the steam dragon but do no damage.
The steam dragon is poisoned.
The steam dragon barely misses you. x2
You hit the steam dragon.
The steam dragon looks as sick as possible!
The steam dragon is lightly wounded.
The steam dragon bites you but does no damage.
The steam dragon claws you.
You barely miss the steam dragon.
The steam dragon is lightly wounded.
A black bear comes into view.
The steam dragon breathes steam at you. The ball of steam hits you!
* * * LOW HITPOINT WARNING * * *
You hear a shout!
The steam dragon bites you!
You die...

##§#.# #.########.#
#§§..# #.D........#
#§.### #########..# #§§#
#D.# #..# #..# #.D# #..#
#..###### #..#
#...........####### #..#
#.##.g..........@.###..#
# #.§..###>....D§§§...#
...[.#
#..####.###........
#..........# #.#
#.####### ...........#
#.# #.# ........<.#?.
... ... ........# #.#
..) ...###.## #h# ...#
... . #.######


You could see a steam dragon (extremely poisoned, catching breath) and a black
bear (wandering).

Vanquished Creatures
  2 hounds (D:4)
  An orc priest (D:4)
  An orc wizard (D:4)
  4 gnolls (D:2)
  2 dart slugs
  4 orcs
  6 endoplasms
  2 giant cockroaches (D:3)
  3 hobgoblins
  4 jackals (D:2)
  2 quokkas
  9 ball pythons
  5 bats
  2 frilled lizards
  5 goblins
  4 kobolds
  8 rats
64 creatures vanquished.

Notes
Turn   | Place    | Note
-------+----------+-------------------------------------------
     0 | D:1      | javelincjr the Demonspawn Fighter began the quest for the
                  | Orb.
     0 | D:1      | Reached XP level 1. HP: 18/18 MP: 1/1
   259 | D:1      | Discovered your monstrous ancestry.
   259 | D:1      | Gained mutation: Your touch may inflict minor irresistible
                  | damage on your foes. [demonic ancestry]
   259 | D:1      | Reached XP level 2. HP: 24/24 MP: 2/2
  1105 | D:2      | Reached XP level 3. HP: 15/29 MP: 3/3
  1118 | D:2      | HP: 1/30 [gnoll/+0 heavy flail (14)]
  1121 | D:2      | Gained mutation: You have a pair of small antennae on your
                  | head. [demonic ancestry]
  1121 | D:2      | Reached XP level 4. HP: 2/37 MP: 4/4
  1795 | D:3      | Reached skill level 1 in Evocations
  1842 | D:3      | Found a shimmering blue altar of Sif Muna.
  2183 | D:3      | Found a faded altar of an unknown god.
  2517 | D:4      | Reached skill level 4 in Fighting
  2517 | D:4      | Reached skill level 1 in Dodging
  2532 | D:4      | Gained mutation: You may rarely emit foul miasma when
                  | damaged in melee. [demonic ancestry]
  2532 | D:4      | Reached XP level 5. HP: 24/42 MP: 5/5
  2712 | D:4      | Identified the +10 shortbow of Defence {antimagic, rElec
                  | rC- Int+5 Dex-2}
  2798 | D:4      | Noticed a steam dragon
  2876 | D:4      | Noticed a black bear
  2877 | D:4      | Slain by a steam dragon

Illustrated notes

Levels and vault maps discovered:
D:1:      lemuel_arrival_funnel, layout_basic, nrook_loot_triangle,
          chequers_big_river
D:2:      layout_basic
D:3:      minmay_evil_eye, layout_rooms, mainiacjoe_overflow_cross_hatched,
          shapermc_ecumenical_altar_mp_ritualfount
D:4:      layout_loops_ring, uniq_ijyb

Skill      XL: |  1  2  3  4 |
---------------+-------------+-----
Polearms       | 2 |  2.5
Armour         | 3 |  3.3
Shields        | 3 |  3.3
Evocations     | 1 |  1.5
Fighting       | 4 |  4.4
Dodging        | 1 |  1.3

Action                     |  1- 3 |  4- 6 || total
---------------------------+-------+-------++-------
  Melee: Trident           |    43 |       ||    43
         Dagger            |    54 |   120 ||   174
 Armour: Scale mail        |    27 |    40 ||    67
  Dodge: Dodged            |    26 |    28 ||    54
  Block: Buckler           |    20 |    25 ||    45
